 Dungeon Crawl Stone Soup version 0.30.0 (webtiles) character file.

Game seed: 12361307789561425837

6 dialectric the Sneak (level 1, 0/11 HPs)
             Began as a Spriggan Delver on May 6, 2023.
             Succumbed to an adder's poison
             ... on level 4 of the Dungeon.
             The game lasted 00:00:49 (210 turns).

dialectric the Sneak (Spriggan Delver)               Turns: 210, Time: 00:00:50

Health: 0/11       AC:  2    Str:  8    XL:     1   Next: 75%
Magic:  2/2        EV: 17    Int: 11    God:
Gold:   48         SH:  0    Dex: 16    Spells: 0/0 levels left

rFire   . . .        a - +0 short sword
rCold   . . .        (no shield)
rNeg    . . .        b - +0 robe
rPois   .            (helmet restricted)
rElec   .            (no cloak)
rCorr   .            (gloves unavailable)
SInv    +            (boots unavailable)
Will    .....        (no amulet)
Stlth   ++++         (no ring)
HPRegen 0.21/turn    (no ring)
MPRegen 0.08/turn

%: no passive effects
@: lethally poisoned (0 -> -1), very quick
A: very small, no large weapons, unfitting armour, see invisible, speed 3
a: no special abilities


You were on level 4 of the Dungeon.
You visited 1 branch of the dungeon, and saw 2 of its levels.

You collected 48 gold pieces.

Inventory:

Hand Weapons
 a - a +0 short sword (weapon)
Armour
 b - a +0 robe (worn)
Wands
 g - a wand of digging (11)
Scrolls
 c - 2 scrolls of fog
 d - a scroll of magic mapping
 e - a scroll of fear
 h - a scroll of immolation {unknown}
 i - a scroll of acquirement {unknown}
Potions
 f - a potion of haste


   Skills:
 + Level 2.4 Fighting
 + Level 2.2 Short Blades
 + Level 2.7 Dodging
 + Level 7.6 Stealth


You couldn't memorise any spells.
You didn't know any spells.
Your spell library was empty.

Dungeon Overview and Level Annotations

Branches:
Dungeon (5/15)
 Temple: D:4-7

Altars:

Shops:
D:4 !

Annotations:
D:4 Blork the orc, Natasha


Innate Abilities, Weirdness & Mutations

You are very small and have problems with some larger weapons.
You are too small for most types of armour.
You have supernaturally acute eyesight. (SInv)
You cover ground extremely quickly. (Speed+++)


Message History

Blork the orc misses you.
Aiming: Dig
Press: ? - help, Shift-Dir - straight line A rock wall.
The rock shatters into small pieces.
Blork the orc points at you and mumbles some strange words.
The puff of flame misses you. The ogre barely misses you.
A jackal comes into view.
Natasha casts a spell.
An adder comes into view.
Found a spear.
The adder hisses angrily.
You hear the slow hiss of a distant avalanche of sand.
A jackal comes into view.
The jackal barks!
You hit the jackal.
The jackal is severely wounded.
The jackal bites you but does no damage.
You hit the jackal but do no damage.
The jackal is heavily wounded.
The adder bites you.
You are poisoned.
The adder poisons you!
The jackal bites you but does no damage.
You hit the jackal.
The jackal is almost dead.
You feel sick. The adder bites you.
* * * LOW HITPOINT WARNING * * *
The jackal bites you.
* * * LOW HITPOINT WARNING * * *
You hit the jackal but do no damage.
The jackal is almost dead.
* * * LOW HITPOINT WARNING * * *
You feel sick. The jackal misses you. The adder completely misses you.
The jackal completely misses you.
You hit the jackal.
You kill the jackal!
* * * LOW HITPOINT WARNING * * *
You feel sick. The adder misses you. The ogre completely misses you.
You die...

#.... #.### ...
#....# #.#.. ..#
##.....###.#.# #.#
.......#...#.# #.#
.......#h###.# #.#.
#......!.#..
#.#.###....#.#.###
#.# ..............
#@###.#.......##.#
#..O.J#.......##.#
###S...o#.#.......
#...###h#........#
#..S...#..##.#.....
#......#.........#.
#......####O##.#.#.
#..)...# #.J..#.#.
#...........#.##.#.


You could see Blork the orc, an ogre, a jelly, Natasha and an adder.

Vanquished Creatures
  A worm (D:4)
  A goblin (D:4)
  A jackal (D:4)
3 creatures vanquished.

Notes
Turn   | Place    | Note
-------+----------+-------------------------------------------
     0 | D:5      | dialectric the Spriggan Delver began the quest for the Orb.
     0 | D:5      | Reached XP level 1. HP: 11/11 MP: 2/2
    34 | D:5      | Noticed an orc wizard
    99 | D:4      | Found Aneubb's Distillery.
   114 | D:4      | Noticed a jelly
   130 | D:4      | Noticed Blork the orc
   138 | D:4      | Noticed an ogre
   187 | D:4      | Noticed Natasha
   210 | D:4      | Succumbed to an adder's poison

Illustrated notes

Levels and vault maps discovered:
D:4:      layout_basic, chequers_ossuary_entry_cave, serial_shops,
          kennysheep_mini, minmay_fountain_box, uniq_blork_the_orc,
          uniq_sigmund, uniq_natasha
D:5:      layout_loops_ring

Action                     || total
---------------------------++-------
  Melee: Short sword       ||    10
  Evoke: Wand              ||     1
   Stab: Sleeping          ||     2
 Armour: Robe              ||     3
  Dodge: Dodged            ||    11
